AoeStats
← 17525

Golden Pit

507416018Analyzed
1v1 RM · 16d ago on Sep 18, 2026· 45m 30s· 2 players
Game mode
Random Map
Map size
Tiny (2 player)
Population
200
Speed
Normal
Resources
Standard
Victory
Conquest
Starting age
Dark Age
Ending age
Imperial Age
RankedLock teamsTeams togetherTeam positionsShared explorationLock speedFull tech treeHidden civsTurbo modeCheats
Victory
Defeat
🇧🇷 Franks · Brazil
377
+14
🇹🇼 Huns · Taiwan
330
-14
17525
10:51 Feudal Age
9:07 Loom
11:38 Horse Collar
17:19 Gold Mining
21:51 Double-Bit Axe
24:57 Castle Age
25:27 Bloodlines
25:21 Padded Archer Armor
29:56 Heavy Plow
30:58 Bow Saw
30:59 Husbandry
32:17 Leather Archer Armor
33:42 Pikeman
36:23 Fletching
36:44 Forging
35:59 Light Cavalry
36:52 Squires
39:18 Thumb Ring
40:20 Wheelbarrow
41:48 Bodkin Arrow
46:16 Imperial Age
Zcky🚀
11:28 Feudal Age
22:28 Double-Bit Axe
22:38 Gold Mining
28:16 Castle Age
26:55 Forging
26:35 Fletching
30:38 Elite Skirmisher
39:11 Imperial Age
38:07 Wheelbarrow
37:57 Masonry
44:51 Ballistics
45:01 Architecture
44:37 Siege Engineers
44:28 Murder Holes
Connection lost

Rejoining the realm…

Still unreachable

The connection could not be restored.

Session expired

The server has moved on; the page needs a fresh start.